 Dungeon Crawl Stone Soup version 0.32-a0-814-g0968bab981 (webtiles) character file.

Game seed: 13863359410864781752

132932 retardedninja the Warrior (level 17, -8/135 HPs)
             Began as a Coglin Fighter on Mar 22, 2024.
             Was a High Priest of Hepliaklqana.
             Mangled by the 27-headed Lernaean hydra (9 damage)
             ... on level 4 of the Swamp.
             The game lasted 00:56:08 (32864 turns).

retardedninja the Warrior (Coglin Fighter)         Turns: 32864, Time: 00:56:11

Health: -8/135     AC: 28    Str: 23    XL:     17   Next: 13%
Magic:  22/22      EV: 11    Int:  8    God:    Hepliaklqana [*****.]
Gold:   1849       SH:  0    Dex: 15    Spells: 16/16 levels left

rFire   . . .        D - +2 war axe (heavy) {Yuphin}
rCold   + . .        F - +5 war axe (drain) {Arun}
rNeg    . . .        w - +3 plate armour
rPois   +            t - +2 helmet
rElec   .            l - +1 cloak of Starlight {*Dazzle EV+4 Stlth--}
rCorr   +            m - +1 pair of gloves
SInv    .            z - +0 pair of boots
Will    +....        (amulet unavailable) Stlth
                     (ring unavailable)
HPRegen 0.42/turn    (ring unavailable)
MPRegen 0.18/turn    n - turboassembler N-60 {RevParry, rPois rC+ rCorr}

%: no passive effects
@: about to teleport
A: reduced essence, off-hand wielding, slow wielding, warmup strikes, no
jewellery
a: Renounce Religion, Recall Ancestor, Ancestor Identity, Transference, Idealise


You were on level 4 of the Swamp.
You worshipped Hepliaklqana.
Hepliaklqana was extremely pleased with you.
You visited 4 branches of the dungeon, and saw 26 of its levels.
You also visited: Sewer.

You collected 2306 gold pieces.
You spent 457 gold pieces at shops.

Inventory:

Hand Weapons
 k - the +4 hand axe of Weonwitwou {holy, rElec rF+ Int+4}
   (You took it off a kobold on level 2 of the Dungeon)

   Int+4:     It affects your intelligence (+4).
   rF+:       It protects you from fire.
   rElec:     It insulates you from electricity.
 D - a +2 heavy war axe (weapon) {Yuphin}
 F - a +5 war axe of draining (offhand) {Arun}
Armour
 l - the +1 cloak of Starlight (worn) {*Dazzle EV+4 Stlth--}
   (You bought it in a shop on level 2 of the Orcish Mines)

   *Dazzle:   It may blind those who miss an attack against the wearer in melee
   combat.
   EV+4:      It affects your evasion (+4).
   Stlth--:   It makes you much less stealthy.
 m - a +1 pair of gloves (worn)
 t - a +2 helmet (worn)
 w - a +3 plate armour (worn)
 x - the +0 cloak "Myboun" {^Contam Harm Will+}
   (You found it on level 5 of the Dungeon)

   Will+:     It increases your willpower.
   ^Contam:   It causes magical contamination when unequipped.
   Harm:      It increases damage dealt and taken.
 z - a +0 pair of boots (worn)
Gizmo
 n - a turboassembler N-60 (installed) {RevParry, rPois rC+ rCorr}
   (You invented it yourself on level 13 of the Dungeon)

   [turboassembler N-60]

   RevParry:  Your AC increases as you Rev (up to +5) and while fully Revved,
   your attacks may disarm enemies.
   rC+:       It protects you from cold.
   rPois:     It protects you from poison.
   rCorr:     It protects you from acid and corrosion.
Talismans
 v - the serpent talisman "Esudgh" {+Blink Int-5 Dex+8}
   (You took it off Aizul on level 2 of the Swamp)

   [serpent talisman]

   Int-5:     It affects your intelligence (-5).
   Dex+8:     It affects your dexterity (+8).
   +Blink:    It lets you blink.
Wands
 j - a wand of mindburst (25)
 p - a wand of charming (34)
 C - a wand of digging (16)
Scrolls
 a - 2 scrolls of revelation
 c - 3 scrolls of torment
 f - 2 scrolls of poison
 g - 3 scrolls of vulnerability
 h - a scroll of fog
 o - a scroll of teleportation
 q - a scroll of silence
 A - 5 scrolls of identify
 G - 3 scrolls of amnesia
 H - a scroll of noise
Potions
 b - a potion of lignification
 d - 3 potions of might
 e - 3 potions of ambrosia
 i - 8 potions of brilliance
 r - 4 potions of cancellation
 E - a potion of resistance
Miscellaneous
 B - a box of beasts (inert)
 I - a phantom mirror (inert)
 K - a phial of floods (inert)


   Skills:
 * Level 18.5 Fighting
 * Level 18.3 Axes
 + Level 12.4 Armour
 + Level 1.7 Dodging
 - Level 2.6 Shields
 * Level 7.3 Invocations
 - Level 4.5 Evocations


You had 16 spell levels left.
You didn't know any spells.
Your spell library contained the following spells:

 Spells                   Type           Power      Damage    Failure   Level
 Apportation              Tloc           0%         N/A       99%         1
 Magic Dart               Conj           0%         1d3       99%         1
 Necrotise                Necr           0%         1d4       99%         1
 Sting                    Conj/Alch      0%         1d3       99%         1
 Summon Small Mammal      Summ           0%         N/A       99%         1
 Blink                    Tloc           0%         N/A       100%        2
 Call Imp                 Summ           0%         N/A       100%        2
 Cigotuvi's Dreadful Rot  Necr/Alch/Air  0%         N/A       100%        2
 Ensorcelled Hibernation  Hex/Ice        0%         N/A       100%        2
 Jinxbite                 Hex            0%         N/A       100%        2
 Scorch                   Fire           0%         2d5       100%        2
 Searing Ray              Conj           0%         2d4       100%        2
 Inner Flame              Hex/Fire       0%         N/A       100%        3
 Passwall                 Erth           0%         N/A       100%        3
 Sigil of Binding         Hex            0%         N/A       100%        3
 Swiftness                Air            0%         N/A       100%        3
 Tukima's Dance           Hex            0%         N/A       100%        3
 Dimensional Bullseye     Hex/Tloc       0%         N/A       100%        4
 Dispel Undead            Necr           0%         3d6       100%        4
 Flame Wave               Conj/Fire      0%         2d4       100%        4
 Fulminant Prism          Conj/Alch      0%         3d5       100%        4
 Iskenderun's Mystic Bla  Conj/Tloc      0%         2d3       100%        4
 Leda's Liquefaction      Alch/Erth      0%         N/A       100%        4
 Martyr's Knell           Necr/Summ      0%         N/A       100%        4
 Passage of Golubria      Tloc           0%         N/A       100%        4
 Petrify                  Alch/Erth      0%         N/A       100%        4
 Sticky Flame             Fire/Alch      0%         2d4       100%        4
 Summon Blazeheart Golem  Fire/Summ      0%         N/A       100%        4
 Borgnjor's Vile Clutch   Necr/Erth      0%         N/A       100%        5
 Metabolic Englaciation   Hex/Ice        0%         N/A       100%        5
 Silence                  Hex/Air        0%         N/A       100%        5
 Yara's Violent Unravell  Hex/Alch       0%         3d3       100%        5
 Death Channel            Necr           0%         N/A       100%        6
 Sculpt Simulacrum        Ice/Alch       0%         N/A       100%        6
 Summon Cactus Giant      Summ           0%         N/A       100%        6
 Lehudib's Crystal Spear  Conj/Erth      0%         10d2      100%        8


Dungeon Overview and Level Annotations

Branches:
Dungeon (15/15)            Temple (0/1) D:5            Lair (5/5) D:11
  Swamp (4/4) Lair:3        Snake (0/4) Lair:3        Slime (0/5) Lair:4
    Orc (2/2) D:11            Elf (0/3) Orc:2        Vaults (0/5) D:13
 Depths (0/4) D:15          Sewer (visited)

Altars:
Ashenzari
Cheibriados
Dithmenos
Elyvilon
Fedhas
Gozag
Hepliaklqana
Qazlal
Ru
Uskayaw
Wu Jian
Yredelemnul
Zin
The Shining One
Jiyva

Shops:
D:2 (   D:9 :   D:11 [   D:13 (   Orc:2 (*[(

Annotations:
Lair:4 exclusion: 2 oklob plants
Swamp:4 Lernaean hydra


Innate Abilities, Weirdness & Mutations

Your life essence is reduced to manifest your ancestor. (-10% HP)
You can wield a second weapon in your off-hand.
It takes a long time for you to wield or remove held weapons.
Your first few attacks do less damage.
You cannot equip rings or amulets.


Message History

The 27-headed Lernaean hydra barely misses you.
The 27-headed Lernaean hydra bites you but does no damage. x3
The 27-headed Lernaean hydra barely misses you.
The 27-headed Lernaean hydra closely misses you.
The 27-headed Lernaean hydra bites you but does no damage.
The 27-headed Lernaean hydra bites you!
* * * LOW HITPOINT WARNING * * *
The 27-headed Lernaean hydra bites you but does no damage. x2
The 27-headed Lernaean hydra barely misses you. x2
The 27-headed Lernaean hydra bites you but does no damage.
The 27-headed Lernaean hydra bites you.
* * * LOW HITPOINT WARNING * * *
The 27-headed Lernaean hydra bites you but does no damage. x6
The 27-headed Lernaean hydra bites you!
* * * LOW HITPOINT WARNING * * *
You feel better.
The 27-headed Lernaean hydra bites you but does no damage.
The 27-headed Lernaean hydra bites you.
* * * LOW HITPOINT WARNING * * *
The 27-headed Lernaean hydra bites you but does no damage.
The 27-headed Lernaean hydra bites you!
* * * LOW HITPOINT WARNING * * *
The 27-headed Lernaean hydra barely misses you.
The 27-headed Lernaean hydra bites you but does no damage. x5
The 27-headed Lernaean hydra closely misses you. x2
The 27-headed Lernaean hydra bites you but does no damage.
The 27-headed Lernaean hydra barely misses you.
The 27-headed Lernaean hydra bites you but does no damage. x2
The 27-headed Lernaean hydra bites you!
* * * LOW HITPOINT WARNING * * *
The 27-headed Lernaean hydra bites you but does no damage. x4
The 27-headed Lernaean hydra barely misses you.
The 27-headed Lernaean hydra bites you.
* * * LOW HITPOINT WARNING * * *
The 27-headed Lernaean hydra bites you but does no damage.
The 27-headed Lernaean hydra completely misses you.
The 27-headed Lernaean hydra bites you but does no damage.
The 27-headed Lernaean hydra bites you!
You die...
Hepliaklqana delivers you to your ancestors.

~.#°.(.......§♣~~~...♣♣.~.~~~~...
°.#.~.(.ß~ß~#~~.~~.~~.♣♣..~~~~~..
~.#...D...P~[.♣♣♣♣♣~~~♣♣♣.~~~~~~~
°⌠#⌠...#.~...n♣ ♣~~~♣ ♣♣~~~~~~~
.###...#.#.÷..♣ ♣~~.♣ ♣~~~~~§~~
,⌠#⌠...#....#.♣ ♣♣...♣♣♣~~~~~~~.
,,#...~...D.[§♣ ♣♣~.♣..♣♣♣.~~~~~~
,,#.~:ß.(°(.#~♣♣♣~~~...♣ ♣...~~~§
,~#~~(.....°#~~♣@~§~~.♣♣ ♣♣♣♣~~~~
,*##...#'####~~D~..~~~♣♣♣♣~......
,,#..(.'....##♣♣♣♣...♣♣~.♣.~.♣♣♣♣
,,#.D~~#.....#♣♣♣♣♣~♣♣♣♣♣§~.§♣
,....(.#..!..#~~~..♣♣ ♣♣~♣♣♣
,~~~..~#....?#~~~..♣♣♣♣ ♣♣~♣♣♣♣
,..#'#*##..(##~~.♣.~~.♣ ♣♣....~♣♣
,.,..~~~*####♣♣♣♣♣.§~♣♣ ♣~<......
**♣♣***** ♣♣♣♣~♣♣♣♣♣♣~~.~§~.


You could see the 27-headed Lernaean hydra.

Vanquished Creatures
  Aizul (Swamp:2)
  A fenstrider witch (Swamp:2)
  An eleionoma (Swamp:1)
  3 bunyips
  Josephine (D:12)
  3 fire dragons (D:15)
  7 hydras
  13 alligators
  2 ghost crabs
  An ogre mage (Orc:2)
  3 centaur warriors
  3 boulder beetles
  3 death yaks (Lair:5)
  Urug (D:10)
  6 two-headed ogres
  A tengu warrior (D:10)
  A fire crab (Lair:4)
  A bunyip zombie (Swamp:2)
  2 goliath frogs
  3 swamp dragons (Swamp:4)
  2 spriggan druids
  2 deep trolls (Orc:2)
  7 bog bodies
  A lindwurm (Lair:5)
  A necromancer (Swamp:2)
  An orc knight (Orc:1)
  An alligator zombie (Swamp:2)
  12 elephants
  2 orc sorcerers
  4 cyclopes
  3 manticores
  An oklob plant (Lair:3)
  5 ugly things
  2 black mambas
  13 cane toads
  2 gargoyles
  6 komodo dragons
  A freezing wraith (D:14)
  2 yaktaurs
  2 efreet
  A kobold demonologist (D:11)
  2 polar bears
  8 tyrant leeches
  2 hornets
  15 blink frogs
  15 trolls
  4 slime creatures
  2 water elementals
  4 wyverns
  34 yaks
  2 basilisks
  5 spriggans
  5 wraiths
  2 shadows
  A yak (shapeshifter) (D:15)
  A hog (shapeshifter) (D:13)
  3 wargs
  A steam dragon (D:7)
  11 vampire mosquitoes
  12 swamp worms
  3 nagas (Lair:3)
  14 water moccasins
  3 swamp drakes
  10 orc warriors
  2 sky beasts (D:7)
  2 laughing skulls (D:13)
  2 black bears
  16 ogres
  A swamp dragon zombie (Swamp:2)
  24 wolves
  3 centaurs
  3 kobold brigands
  19 bullfrogs
  A gnoll sergeant (D:9)
  2 scorpions
  8 wights
  10 killer bees
  4 jellies
  2 swamp dragon simulacra (Swamp:2)
  4 electric eels
  A howler monkey (D:9)
  A bullfrog zombie (D:6)
  A centaur zombie (D:6)
  3 orc priests
  A bombardier beetle (D:5)
  A hound (D:6)
  A sleepcap (D:6)
  2 iguanas (D:6)
  14 orc wizards
  Terence (D:3)
  A killer bee zombie (D:6)
  3 howler monkey zombies (D:6)
  8 gnolls
  8 adders
  A shadow imp (D:4)
  3 white imps
  2 ufetubi (D:6)
  11 dart slugs
  5 ribbon worms
  31 orcs
  4 bats
  16 endoplasms
  15 giant cockroaches
  7 goblins
  7 hobgoblins
  15 jackals
  21 kobolds
  5 quokkas
  18 ball pythons
  9 frilled lizards
  6 rats
  A spectral kobold (D:4)
613 creatures vanquished.

Vanquished Creatures (collateral kills)
  An ironbound preserver (D:13)
  2 bunyips
  Erolcha (D:12)
  An ogre mage (Orc:2)
  10 hydras
  2 catoblepae
  6 alligators
  5 two-headed ogres
  A death yak (Lair:5)
  3 goliath frogs
  5 swamp dragons
  2 bog bodies (Swamp:4)
  An orc knight (Orc:1)
  An ugly thing (D:13)
  A cyclops (D:15)
  5 elephants
  3 manticores
  4 cane toads
  An efreet (D:14)
  2 komodo dragons
  A rime drake (Lair:5)
  A tengu conjurer (D:10)
  5 tyrant leeches
  2 trolls
  2 polar bears
  15 blink frogs
  A hornet (Swamp:2)
  2 slime creatures (D:14)
  11 yaks
  3 spriggans (Swamp:2)
  A wraith (D:12)
  Grum (D:10)
  A warg (Orc:2)
  3 basilisks
  4 swamp worms
  An acid dragon (D:12)
  3 vampire mosquitoes
  3 nagas (Lair:3)
  A water moccasin (Lair:2)
  2 swamp drakes
  5 orc warriors
  A swamp dragon zombie (Swamp:2)
  7 wolves
  2 ogres (Orc:2)
  2 centaurs
  A kobold brigand (D:7)
  6 bullfrogs
  6 wights
  A howler monkey (D:9)
  7 electric eels
  7 jellies (Lair:3)
  9 orc priests
  3 orc wizards
  2 gnolls (D:9)
  10 orcs
  11 endoplasms (Lair:3)
  3 kobolds
203 creatures vanquished.

Vanquished Creatures (others)
  An alligator (Swamp:2)
  A spriggan druid (Swamp:2)
  Maurice (D:10)
  6 bloated husks
  A swamp worm (Swamp:1)
  A swamp drake (Swamp:4)
  28 battlemagi
  An ancestor (D:5)
40 creatures vanquished.

Grand Total: 856 creatures vanquished

Notes
Turn   | Place    | Note
-------+----------+-------------------------------------------
     0 | D:1      | retardedninja the Coglin Fighter began the quest for the
                  | Orb.
     0 | D:1      | Reached XP level 1. HP: 18/18 MP: 1/1
    90 | D:1      | Reached XP level 2. HP: 20/24 MP: 2/2
   268 | D:1      | Reached XP level 3. HP: 26/29 MP: 3/3
   786 | D:2      | Reached XP level 4. HP: 35/35 MP: 4/4
   880 | D:2      | Identified the +4 hand axe of Weonwitwou {holy, rElec rF+
                  | Int+4}
  1099 | D:2      | Found Qemann's Weapon Shop.
  1424 | D:3      | Found a faded altar of an unknown god.
  1491 | D:3      | Identified the +0 leather armour of Crawling {-Cast rPois
                  | Will++ Regen+}
  1499 | D:3      | Noticed Terence
  1501 | D:3      | Killed Terence
  1502 | D:3      | Reached XP level 5. HP: 38/42 MP: 5/5
  2114 | D:4      | Found an ornate altar of the Wu Jian Council.
  2241 | D:4      | Found a white marble altar of Elyvilon.
  2348 | D:4      | Found a hazy altar of Hepliaklqana.
  2462 | D:4      | Reached XP level 6. HP: 43/49 MP: 6/6
  2505 | D:4      | Became a worshipper of Hepliaklqana the Forgotten
  2590 | D:4      | Found a blossoming altar of Fedhas.
  2663 | D:4      | Found a snail-covered altar of Cheibriados.
  2734 | D:4      | Got the Excursus on the Valley and Malisons
  2781 | D:5      | Entered Level 5 of the Dungeon
  2866 | D:5      | Found a glowing drain.
  2904 | Sewer    | Entered a sewer
  3016 | Sewer    | Reached skill level 5 in Fighting
  3176 | Sewer    | Reached XP level 7. HP: 56/56 MP: 7/7
  3379 | D:5      | Reached skill level 5 in Axes
  3415 | D:5      | Reached * piety under Hepliaklqana
  3467 | D:5      | Found a staircase to the Ecumenical Temple.
  3591 | D:5      | Found a glowing golden altar of the Shining One.
  3642 | D:5      | Identified the +0 cloak "Myboun" {^Contam Harm Will+}
  3766 | D:6      | Reached XP level 8. HP: 36/57 MP: 8/8
  4213 | D:6      | Noticed a +0 hand axe
  4214 | D:6      | Noticed a +0 dagger
  4217 | D:6      | Found a hide-covered altar of Uskayaw.
  4641 | D:6      | Found a basalt altar of Yredelemnul.
  4690 | D:6      | Reached skill level 5 in Armour
  4985 | D:7      | Found a shadowy altar of Dithmenos.
  5169 | D:7      | Reached ** piety under Hepliaklqana
  5170 | D:7      | Remembered your ancestor austrian painter as a battlemage
  5207 | D:7      | Reached XP level 9. HP: 55/64 MP: 9/9
  5892 | D:8      | Found a sacrificial altar of Ru.
  6216 | D:8      | Reached XP level 10. HP: 53/74 MP: 10/10
  6452 | D:8      | Found a stormy altar of Qazlal.
  6738 | D:9      | Reached *** piety under Hepliaklqana
  7191 | D:9      | Noticed a two-headed ogre
  7195 | D:9      | Killed a two-headed ogre
  7196 | D:9      | Reached skill level 10 in Fighting
  7277 | D:9      | Noticed a green ugly thing
  7285 | D:9      | Killed a green ugly thing
  7286 | D:9      | Reached skill level 10 in Axes
  7502 | D:9      | Found Lolet's Self-Published Books.
  7566 | D:9      | Found a glowing silver altar of Zin.
  7566 | D:9      | Found an opulent altar of Gozag.
  7710 | D:10     | Entered Level 10 of the Dungeon
  7719 | D:10     | Noticed Grum
  7728 | D:10     | Killed Grum
  7854 | D:10     | Noticed Maurice
  7859 | D:10     | Maurice stole a throwing net
  7877 | D:10     | Killed Maurice
  7878 | D:10     | Reached XP level 11. HP: 79/82 MP: 8/11
  7986 | D:10     | Noticed Urug
  7993 | D:10     | Killed Urug
  8050 | D:10     | Noticed a tengu warrior
  8051 | D:10     | Found a broken altar of Ashenzari.
  8060 | D:10     | Killed a tengu warrior
  8315 | D:10     | Reached **** piety under Hepliaklqana
  8672 | D:11     | Noticed a manticore
  8672 | D:11     | Found a staircase to the Lair.
  8680 | D:11     | Noticed a manticore
  8688 | D:10     | Killed a manticore
  9040 | D:11     | Killed a manticore
  9513 | D:11     | Noticed a manticore
  9522 | D:11     | Killed a manticore
  9916 | D:11     | Found a staircase to the Orcish Mines.
  9999 | D:11     | Found a transporter.
 10008 | D:11     | Found Zagrocvo's Armour Shop.
 10639 | D:11     | Noticed a manticore
 10645 | D:11     | Killed a manticore
 10835 | D:11     | Found a transporter.
 10955 | Lair:1   | Entered Level 1 of the Lair of Beasts
 11152 | Lair:1   | Reached XP level 12. HP: 90/91 MP: 12/12
 11621 | Lair:1   | Reached ***** piety under Hepliaklqana
 13306 | Lair:3   | Noticed an eight-headed hydra
 13575 | Lair:3   | Noticed a catoblepas
 13584 | Lair:3   | Killed a catoblepas
 13707 | Lair:3   | Reached XP level 13. HP: 83/100 MP: 13/13
 14328 | Lair:3   | Found a staircase to the Snake Pit.
 14444 | Lair:3   | Found a staircase to the Swamp.
 16429 | D:12     | Reached skill level 1 in Evocations
 16498 | D:12     | Noticed Josephine
 16507 | D:12     | Killed Josephine
 16508 | D:12     | Reached skill level 10 in Armour
 16588 | D:12     | Noticed Erolcha
 16590 | D:12     | Killed Erolcha
 17779 | D:13     | Reached skill level 15 in Fighting
 17938 | D:13     | Reached ****** piety under Hepliaklqana
 18078 | D:13     | Found a gate to the Vaults.
 18078 | D:13     | Noticed an ironbound preserver
 18087 | D:13     | Killed an ironbound preserver
 18088 | D:13     | Reached skill level 15 in Axes
 18088 | D:13     | Reached XP level 14. HP: 93/110 MP: 14/14
 18267 | D:13     | Acquired a turboassembler N-60 {RevParry, rPois rC+ rCorr}
 18468 | D:13     | Found Lid Exical's Antique Weapon Shop.
 19545 | Lair:4   | Found a viscous altar of Jiyva.
 19547 | Lair:4   | Found a staircase to the Slime Pits.
 20036 | Lair:5   | Entered Level 5 of the Lair of Beasts
 20041 | Lair:5   | Reached skill level 1 in Invocations
 21324 | Lair:5   | Identified the +0 robe of Wieqa {rC+}
 21580 | Lair:5   | Reached XP level 15. HP: 44/118 MP: 17/17
 22292 | Orc:1    | Entered Level 1 of the Orcish Mines
 22445 | Orc:2    | Entered Level 2 of the Orcish Mines
 22842 | Orc:2    | Found a staircase to the Elven Halls.
 22848 | Orc:2    | Found Howniamm's Weapon Boutique.
 22863 | Orc:2    | Found Rulolul's Armour Shop.
 23873 | Orc:2    | Found Ykhuoz's Antique Weapon Emporium.
 23916 | Orc:2    | Bought the +1 cloak of Starlight {*Dazzle EV+4 Stlth--} for
                  | 457 gold pieces
 23916 | Orc:2    | Found the +1 cloak of Starlight {*Dazzle EV+4 Stlth--}
 23934 | Orc:2    | Found Jeut's Assorted Antiques.
 24913 | D:15     | Entered Level 15 of the Dungeon
 25526 | D:15     | Found a staircase to the Depths.
 25575 | D:15     | Found an ornate altar of the Wu Jian Council.
 26691 | Swamp:1  | Entered Level 1 of the Swamp
 26890 | Swamp:1  | Reached XP level 16. HP: 69/126 MP: 19/19
 27195 | Swamp:1  | Reached skill level 5 in Invocations
 27548 | Swamp:1  | Got Sif Muna's Spellbook of Tropical Coffins
 29091 | Swamp:2  | Identified the serpent talisman "Esudgh" {+Blink Int-5
                  | Dex+8}
 29091 | Swamp:2  | Noticed Aizul
 29101 | Swamp:2  | Killed Aizul
 29457 | Swamp:2  | Noticed a fenstrider witch
 29461 | Swamp:2  | Killed a fenstrider witch
 30967 | Swamp:4  | Entered Level 4 of the Swamp
 31366 | Swamp:4  | Reached skill level 1 in Dodging
 31481 | Swamp:4  | Reached XP level 17. HP: 80/135 MP: 22/22
 31640 | Swamp:4  | Noticed the 27-headed Lernaean hydra
 32864 | Swamp:4  | HP: 3/135 [the 27-headed Lernaean hydra (8)]
 32864 | Swamp:4  | HP: 1/135 [the 27-headed Lernaean hydra (2)]
 32864 | Swamp:4  | Mangled by the 27-headed Lernaean hydra

Illustrated notes

Levels and vault maps discovered:
D:1:      lightli_arrival_noodles, layout_loops_ring
D:2:      layout_loops_ring, serial_shops, shop
D:3:      layout_loops_ring, nicolae_ecumenical_pavilion, uniq_terence
D:4:      layout_basic, nicolae_hepliaklqana_monster_ancestors,
          cheibriados_altar_1, fedhas_altar_fruit_tree,
          nicolae_elyvilon_temple_path, nicolae_overflow_crystal_walls,
          serial_library_hellmonk_metal_room
D:5:      layout_rooms, nicolae_tso_carved_into_rock, minmay_temple_entry_ruins,
          cheibrodos_sewer_entry_bend
D:6:      layout_basic, nicolae_yredelemnul_corpse_copse,
          dancing_weapons_uskayaw, serial_bayou_pond_d, nicolae_letterblocks
          [nicolae_letter_subblock, nicolae_letter_subblock,
          nicolae_letter_subblock, nicolae_letter_subblock,
          nicolae_letter_subblock, nicolae_letter_subblock,
          nicolae_letter_subblock, nicolae_letter_subblock,
          nicolae_letter_subblock, nicolae_letter_subblock,
          nicolae_letter_subblock, nicolae_letter_subblock,
          nicolae_letter_subblock, nicolae_letter_subblock,
          nicolae_letter_subblock, nicolae_letter_subblock,
          nicolae_letter_subblock, nicolae_letter_subblock,
          nicolae_letter_subblock, nicolae_letter_subblock,
          nicolae_letter_subblock, nicolae_letter_subblock,
          nicolae_letter_subblock, nicolae_letter_subblock,
          nicolae_letter_subblock]
D:7:      layout_gridville, kennysheep_mini_moat
D:8:      layout_basic, mainiacjoe_overflow_surrounded_room,
          nicolae_ru_awakened_eye
D:9:      layout_cave_pools, grunt_temple_overflow_gold_and_silver,
          hangedman_abyss_or_decor_passed, nicolae_custom_books
D:10:     layout_loops_cross, cheibrodos_ashenzari_chains, hex_large,
          uniq_maurice, uniq_grum, uniq_urug
D:11:     layout_basic, erik_lair_orcish_takeover, serial_shops,
          nicolae_shop_drivethru
D:12:     layout_gridville, uniq_josephine, uniq_erolcha
D:13:     layout_basic, skrybe_vaults_entry_preservation, serial_shops, shop,
          chequers_garden
D:14:     layout_cave_pools, minmay_holes
D:15:     grunt_enter_depths_hoard, layout_irregular_city, chequers_big_river,
          nzn_wu_jian_contemplation
Lair:1:   layout_cellular_growth, grunt_megastairs_5, lemuel_fruit_tree,
          serial_bayou_shore_a
Lair:2:   layout_misc_corridors
Lair:3:   lemuel_slime, layout_long_grid, swamp_mist,
          minmay_snake_entry_guardpost_medium, minivault_11, grunt_megastairs_2
Lair:4:   layout_gridlike, minmay_slime_entry_oklob_enclosed,
          infiniplex_staircase_pool
Lair:5:   minmay_lair_end_frog_pond, layout_cellular_growth
Swamp:1:  layout_basic_swamp, evilmike_swamp_ruin_house_3, swamp_pool_1_2,
          infiniplex_staircase_pool_2
Swamp:2:  layout_falls_marsh, evilmike_swamp_ruin_house_4, swamp_pool_1_2,
          nicolae_swamp_necromancer_hut, uniq_aizul
Swamp:3:  layout_basic_swamp, nicolae_swamp_tree_designs, swamp_pool_4,
          hangedman_swamp_pad
Swamp:4:  grunt_swamp_rune_castle, layout_basic_swamp,
          nicolae_swamp_decorative_isthmus
Orc:1:    layout_caves, nicolae_orc_found_a_spring
Orc:2:    st_orc_open, layout_diamond_mine

Skill      XL: |  1  2  3  4  5  6  7  8  9 10 11 12 13 14 15 16 |
---------------+-------------------------------------------------+-----
Armour         | 3 4 5 6 7 8 9 10 11 12 | 12.4
Axes           | 3 4 5 7 8 10 12 13 15 16 17 18 | 18.3
Fighting       | 4 5 6 7 9 10 12 13 15 16 17 18 | 18.5
Evocations     | 3 4 |  4.5
Invocations    | 3 4 7 |  7.3
Dodging        | 1 |  1.7
Shields        | |  2.6

Action                     |  1- 3 |  4- 6 |  7- 9 | 10-12 | 13-15 | 16-18 || total
---------------------------+-------+-------+-------+-------+-------+-------++-------
  Melee: Whip              |    59 |    17 |       |       |       |       ||    76
         War axe           |    59 |   142 |   133 |   324 |   586 |   290 ||  1534
         Hand axe          |       |   133 |   130 |   310 |   574 |    94 ||  1241
 Invoke: Ancestor Life: Ba |       |       |     1 |       |       |       ||     1
         Recall Ancestor   |       |       |       |     1 |     3 |     2 ||     6
         Ancestor Identity |       |       |       |     1 |       |       ||     1
         Idealise          |       |       |       |       |       |     7 ||     7
Ability: Invent Gizmo      |       |       |       |       |     1 |       ||     1
  Evoke: Wand              |       |       |       |     3 |    40 |    30 ||    73
         Box of beasts     |       |       |       |       |     1 |     1 ||     2
         Phantom mirror    |       |       |       |       |       |     2 ||     2
         Phial of floods   |       |       |       |       |       |     1 ||     1
    Use: Scroll            |     1 |       |     6 |    14 |    16 |    15 ||    52
         Potion            |       |       |     3 |     4 |     7 |     7 ||    21
   Stab: Distracted        |       |       |     1 |     6 |     9 |     4 ||    20
         Invisible         |       |       |       |     3 |    13 |     2 ||    18
 Armour: Scale mail        |    66 |       |       |       |       |       ||    66
         Chain mail        |     2 |   153 |    40 |       |       |       ||   195
         Plate armour      |       |       |   148 |   434 |   714 |   708 ||  2004
  Dodge: Dodged            |    44 |    53 |    56 |    94 |   224 |   251 ||   722

Table legend: (Time is in decaauts)
 A = Elapsed time spent in this place.
 B = Non-inter-level travel time spent in this place.
 C = Inter-level travel time spent in this place.
 D = Time resting spent in this place.
 E = Time spent auto-exploring this place.
 F = Levels seen in this place.
 G = Mean time per level.
                   A        B        C        D        E       F      G
               +--------+--------+--------+--------+--------+-----+--------+
         Total |  33076 |  31306 |   1770 |   9364 |  17572 |  27 | 1225.0 |
       Dungeon |  15463 |  14594 |    869 |   2769 |   9789 |  15 | 1030.9 |
          Lair |   8416 |   7893 |    523 |   3116 |   3745 |   5 | 1683.2 |
         Swamp |   6422 |   6240 |    182 |   2779 |   2656 |   4 | 1605.5 |
  Orcish Mines |   2378 |   2183 |    195 |    699 |   1210 |   2 | 1189.0 |
         Sewer |    395 |    395 |      0 |      0 |    170 |   1 |  395.0 |
               +--------+--------+--------+--------+--------+-----+--------+

Top non-repeatable levels by time:
  Lair:3: 2850 daAuts
 Swamp:1: 2211 daAuts
    D:11: 2112 daAuts
    D:13: 1619 daAuts
  Lair:5: 1541 daAuts
 Swamp:4: 1503 daAuts
 Swamp:2: 1423 daAuts
  Lair:4: 1420 daAuts
   Orc:1: 1410 daAuts
    D:12: 1311 daAuts
  Lair:2: 1303 daAuts
  Lair:1: 1300 daAuts
    D:10: 1290 daAuts
 Swamp:3: 1285 daAuts
     D:6: 1141 daAuts
